 Dungeon Crawl Stone Soup version 0.19.1 (webtiles) character file.

1412 balthal the Skirmisher (level 8, 0/74 HPs)
             Began as an Ogre Arcane Marksman on Dec 11, 2016.
             Splashed by a jelly's acid (2 damage)
             ... on level 5 of the Dungeon.
             The game lasted 00:22:46 (6033 turns).

balthal the Skirmisher (Ogre Arcane Marksman)       Turns: 6033, Time: 00:22:47

Health: 0/74       AC: -7    Str: 17    XL:     8   Next: 70%
Magic:  10/10      EV: 11    Int: 15    God:
Gold:   399        SH:  0    Dex: 11    Spells: 3 memorised, 4 levels left

rFire  . . .     SeeInvis .     b - +5 mace "Fegreh" {freeze, -Tele Int+5}
rCold  . . .     Gourm    .     e - +1 robe
rNeg   . . .     Faith    .     (no shield)
rPois  .         Spirit   .     (helmet restricted)
rElec  .         Reflect  .     y - +0 cloak (curse)
rCorr  .         Harm     .     (gloves unavailable)
MR     .....     NoTele   +     (boots unavailable)
Stlth  +.........               (no amulet)
                                (no ring)
                                (no ring)

@: corroded
A: unfitting armour, blurry vision 1, dopey 1, frail 1, tough skin 1
a: no special abilities


You were on level 5 of the Dungeon.
You were not hungry.

You visited 1 branch of the dungeon, and saw 5 of its levels.
You also visited: Ossuary.

You collected 399 gold pieces.

Inventory:

Hand Weapons
 a - a +0 hand crossbow
 b - the +5 mace "Fegreh" (weapon) {freeze, -Tele Int+5}
   (You found it on level 5 of the Dungeon)

   It has been specially enchanted to freeze those struck by it, causing extra
   injury to most foes and up to half again as much damage against particularly
   susceptible opponents.
   It can also slow down cold-blooded creatures.
   It affects your intelligence (+5).
   It prevents most forms of teleportation.
 h - a +0 hand axe
 j - a +0 dire flail of protection
 o - a +2 quarterstaff of chaos
 u - the +0 war axe "Hifaiwn" {chop, *Contam Str+3 Dex+4}
   (You found it on level 4 of the Dungeon)

   It inflicts extra damage upon your enemies.
   It affects your strength (+3).
   It affects your dexterity (+4).
   It causes magical contamination when unequipped.
Missiles
 d - 6 tomahawks (quivered)
 m - 94 arrows
 n - 8 poisoned needles
Armour
 e - a +1 robe (worn)
 q - a +0 cloak
 x - a +0 cloak
 y - a cursed +0 cloak (worn)
Jewellery
 i - the ring of the Curious Orbs {Ice Slay+2 Stlth+, unknown}
   (You found it on level 4 of the Dungeon)

   [ring of ice]

   It enhances your ice magic.
   It affects your accuracy and damage with ranged weapons and melee attacks
   (+2).
   It makes you vulnerable to fire.
   It protects you from cold.
   It makes you more stealthy.
 p - an uncursed ring of flight {unknown}
 v - an uncursed ring of protection from cold {unknown}
 w - an uncursed amulet of the gourmand {unknown}
Scrolls
 k - a scroll of remove curse
Books
 c - a book of Debilitation

   Spells                             Type                      Level
   a - Corona                         Hexes                        1
   b - Slow                           Hexes                        2
   c - Gell's Gravitas                Hexes/Translocation          3
   d - Inner Flame                    Hexes/Fire                   3
   e - Cause Fear                     Hexes                        4
   f - Leda's Liquefaction            Hexes/Earth                  4
Comestibles
 f - 2 bread rations
 g - a meat ration
 r - 5 fruits
 t - 2 slices of pizza
 A - a royal jelly


   Skills:
 + Level 5.9 Fighting
 + Level 2.7 Axes
 + Level 1.0(3.2) Maces & Flails
 + Level 5.5 Crossbows
 + Level 3.6 Dodging
 + Level 1.0 Stealth
 + Level 1.8 Spellcasting
 + Level 2.6 Hexes
 + Level 0.3 Translocations


You had 4 spell levels left.
You knew the following spells:

 Your Spells              Type           Power        Failure   Level  Hunger
a - Corona                Hex            #......      10%         1    ##.....
b - Slow                  Hex            #.......     12%         2    ###....
c - Gell's Gravitas       Hex/Tloc       #.........   43%         3    ####...


Dungeon Overview and Level Annotations

Branches:
Dungeon (5/15)
 Temple: D:4-7

Altars:
Gozag
Makhleb
Nemelex Xobeh
Trog
Uskayaw

Annotations:
D:5 Dowan, Duvessa


Innate Abilities, Weirdness & Mutations

You are too large for most types of armour.
You have tough skin. (AC +1)
Scrolls take you a little longer to read.
You are dopey. (Int -2)
You are frail. (-10% HP)


Message History

The acid burns!
You sock the jelly! You freeze the jelly.
Your hands burn!
The jelly is heavily wounded.
The jelly hits you.
You are splashed with acid!
The acid burns!
You hit the jelly. You freeze the jelly. The acid corrodes you!
Your hands burn!
The jelly is severely wounded.
The jelly hits you.
* * * LOW HITPOINT WARNING * * *
The acid corrodes you!
You are splashed with acid!
The acid burns!
* * * LOW HITPOINT WARNING * * *
You hit the jelly. You freeze the jelly.
Your hands burn!
* * * LOW HITPOINT WARNING * * *
The jelly is almost dead.
The jelly closely misses you. The jelly hits you.
* * * LOW HITPOINT WARNING * * *
You are splashed with acid!
The acid burns!
* * * LOW HITPOINT WARNING * * *
You hit the jelly. You freeze the jelly.
Your hands burn!
You die...

......########
......[.............##
..............(.....'
....................#
.[..................#
...............(....#
................(...#
....<...........J...########
......#'########@...........
......#.....................
......#........#............
......#........#............
......#........#............
......###.####.#............
####a## # #........###+#
.#..ee......#........#
.#..........#........#


You could see a jelly.

Vanquished Creatures
  Grinder (D:5)
  Menkaure (D:5)
  An ice beast (D:5)
  A centaur (D:5)
  Blork the orc (D:5)
  A big kobold (D:3)
  2 orc priests
  Crazy Yiuf (D:5)
  An iguana (D:4)
  Natasha (thrice) (D:2)
  Terence (D:3)
  Ijyb (D:2)
  2 orc wizards
  5 worker ants
  2 big kobold zombies (Ossuary)
  9 mummies
  7 gnolls
  3 adders
  An ooze (D:4)
  2 worms
  3 dart slugs (D:3)
  A leopard gecko (D:1)
  19 orcs
  3 giant cockroaches
  5 hobgoblins
  5 jackals
  10 kobolds
  4 quokkas
  3 ball pythons
  7 bats
  4 frilled lizards (D:1)
  2 gnoll zombies (Ossuary)
  9 goblins
  2 goblin zombies (D:4)
  2 hobgoblin zombies (Ossuary)
  A jackal skeleton (D:3)
  2 orc zombies (Ossuary)
  9 rats
137 creatures vanquished.

Notes
Turn   | Place    | Note
-------+----------+-------------------------------------------
     0 | D:1      | balthal the Ogre Arcane Marksman began the quest for the Orb.
     0 | D:1      | Reached XP level 1. HP: 19/19 MP: 2/2
   206 | D:1      | Reached XP level 2. HP: 27/27 MP: 3/3
   693 | D:2      | Noticed Natasha
   697 | D:2      | Killed Natasha
   697 | D:2      | Reached XP level 3. HP: 35/35 MP: 4/4
   782 | D:2      | Noticed Natasha
   785 | D:2      | Killed Natasha
   785 | D:2      | Reached XP level 4. HP: 34/44 MP: 5/5
   793 | D:2      | Found a bloodstained altar of Trog.
   943 | D:2      | Found a sparkling altar of Nemelex Xobeh.
   965 | D:2      | Noticed Natasha
   979 | D:2      | Killed Natasha
   979 | D:2      | Reached XP level 5. HP: 20/52 MP: 6/6
  1057 | D:2      | Noticed Ijyb
  1066 | D:2      | Killed Ijyb
  1714 | D:3      | Found a burning altar of Makhleb.
  1739 | D:3      | Noticed a big kobold
  1747 | D:3      | Killed a big kobold
  1747 | D:3      | Reached XP level 6. HP: 61/61 MP: 7/7
  2060 | D:3      | Noticed Terence
  2067 | D:3      | Killed Terence
  2177 | D:3      | Found an opulent altar of Gozag.
  2178 | D:3      | Found a hide-covered altar of Uskayaw.
  2516 | D:4      | Reached XP level 7. HP: 49/70 MP: 8/8
  2713 | D:4      | Got a wavering wooden ring
  2883 | D:4      | Found a sand-covered staircase.
  3022 | Ossuary  | Entered an ossuary
  3151 | Ossuary  | Reached skill level 1 in Axes
  3788 | D:4      | Learned a level 2 spell: Slow
  3792 | D:4      | Learned a level 3 spell: Gell's Gravitas
  3858 | D:4      | Got a faintly glowing war axe
  4096 | D:5      | Entered Level 5 of the Dungeon
  4096 | D:5      | Noticed Blork the orc
  4102 | D:4      | Identified the cursed +0 war axe "Hifaiwn" {chop, *Contam Str+3 Dex+4} (You found it on level 4 of the Dungeon)
  4124 | D:5      | Killed Blork the orc
  4443 | D:5      | Reached skill level 5 in Fighting
  4480 | D:5      | Noticed Grinder
  4482 | D:5      | Gained mutation: You are dopey. (Int -2) [mutagenic glow]
  4500 | D:5      | Killed Grinder
  4500 | D:5      | Reached skill level 5 in Crossbows
  4500 | D:5      | Reached XP level 8. HP: 44/80 MP: 8/10
  4556 | D:5      | Gained mutation: You are frail. (-10% HP) [mutagenic glow]
  4761 | D:5      | Found a runed door.
  4765 | D:5      | Noticed Crazy Yiuf
  4778 | D:5      | Killed Crazy Yiuf
  4781 | D:5      | Got a scorched mace
  4790 | D:5      | Identified the +5 mace "Fegreh" {freeze, -Tele Int+5} (You found it on level 5 of the Dungeon)
  4830 | D:5      | Gained mutation: Scrolls take you a little longer to read. [mutagenic glow]
  5072 | D:5      | HP: 1/72 [centaur/arrow (11)]
  5541 | D:5      | Noticed Menkaure
  5552 | D:5      | Killed Menkaure
  5678 | D:5      | Noticed Duvessa
  5679 | D:5      | Noticed Dowan
  5997 | D:5      | Reached skill level 1 in Maces & Flails
  5997 | D:5      | Reached skill level 1 in Stealth
  6032 | D:5      | HP: 2/74 [acid (10)]
  6033 | D:5      | Splashed by a jelly's acid

Skill      XL: |  1  2  3  4  5  6  7  8 |
---------------+-------------------------+-----
Dodging        | 2 3 |  3.6
Fighting       | 2 3 4 5 |  5.9
Crossbows      | 2 3 4 5 |  5.5
Axes           | 2 |  2.7
Maces & Flails | 1 |  1.0
Stealth        | 1 |  1.0
Spellcasting   | |  1.8
Hexes          | |  2.6
Translocations | |  0.3

Action                   |  1- 3 |  4- 6 |  7- 9 || total
-------------------------+-------+-------+-------++-------
Melee: Hand crossbow     |       |     3 |       ||     3
       Hand axe          |       |       |    75 ||    75
       War axe           |       |       |    38 ||    38
       Whip              |       |       |    15 ||    15
       Mace              |       |       |    41 ||    41
 Fire: Hand crossbow     |    63 |   172 |    83 ||   318
Throw: Tomahawk          |       |       |     6 ||     6
 Cast: Slow              |       |       |     1 ||     1
       Gell's Gravitas   |       |       |     1 ||     1
  Use: Scroll            |       |     6 |     4 ||    10
       Potion            |       |     4 |    12 ||    16
  Eat: Bread ration      |       |     1 |     3 ||     4
Armor: Robe              |     6 |    33 |    47 ||    86
       Skin              |       |       |    13 ||    13
Dodge: Dodged            |    14 |    55 |   117 ||   186
